 Dungeon Crawl Stone Soup version 0.30-a0-140-gd1020e658a (webtiles) character file.

Game seed: 1352330309420104070

44373 jlumianski the Cleaver (level 14, 0/88 HPs)
             Began as a Gargoyle Gladiator on Sept 24, 2022.
             Was a High Priest of Qazlal.
             Slain by Rupert
             ... wielding a +1 great mace of holy wrath
              (18 damage)
             ... on level 14 of the Dungeon.
             The game lasted 01:22:47 (15667 turns).

jlumianski the Cleaver (Gargoyle Gladiator)        Turns: 15667, Time: 01:22:47

Health: 0/88       AC: 37    Str: 28    XL:     14   Next: 28%
Magic:  14/18      EV:  8    Int: 10    God:    Qazlal [*****.]
Gold:   894        SH: 17    Dex: 11    Spells: 13/13 levels left

rFire   + . .      SeeInvis .    D - +11 war axe of Rirur {holy, Stlth+}
rCold   + . .      Faith    .    P - +0 kite shield
rNeg    + . .      Spirit   .    M - +2 plate armour {rF+}
rPois   ∞          Reflect  .    c - +1 helmet
rElec   +          Harm     .    S - +2 cloak
rCorr   .          Rampage  +    s - +1 pair of gloves
Will    ++++.                    K - +1 pair of boots of the Sturgeon {Rampage}
Stlth   ..........               O - amulet of regeneration
HPRegen 1.04/turn                a - +4 ring of protection
MPRegen 0.16/turn                L - ring of Parowoit {rPois Will++ Str+6}

@: flying, studying Short Blades, repel missiles
A: sickness immunity, AC +10, big wings, negative energy resistance 1,
electricity resistance, torment resistance 1, petrification resistance, cold
resistance 1, deformed body, strong-willed 1
a: Renounce Religion, Upheaval, Elemental Force, Disaster Area


You were on level 14 of the Dungeon.
You worshipped Qazlal.
Qazlal was extremely pleased with you.
You visited 2 branches of the dungeon, and saw 16 of its levels.
You also visited: Bailey.

You collected 1126 gold pieces.
You spent 232 gold pieces at shops.

Inventory:

Hand Weapons
 i - a +1 scimitar of flaming
 D - the +11 war axe of Rirur (weapon) {holy, Stlth+}
   (You found it on level 5 of the Dungeon)

   It has been blessed by the Shining One to cause great damage to the undead
   and demons.
   Stlth:     It makes you more stealthy.
 E - the +8 scimitar of Blood {freeze, *Noise rF+++ rCorr Int-3}
   (You found it on level 13 of the Dungeon)

   It freezes those it strikes, dealing additional cold damage.
   It can also slow down cold-blooded creatures.
   Int:       It affects your intelligence (-3).
   rF:        It renders you almost immune to fire.
   *Noise:    It may make noises in combat.
   rCorr:     It protects you from acid and corrosion.
 I - a +0 broad axe
Missiles
 d - 3 throwing nets
 e - 4 javelins (quivered)
 h - 53 poisoned darts
 t - 16 boomerangs
 X - 5 curare-tipped darts
Armour
 c - a +1 helmet (worn)
 s - a +1 pair of gloves (worn)
 K - the +1 pair of boots of the Sturgeon (worn) {Rampage}
   (You acquired it in a bailey)

   Rampage:   It bestows one free step when moving towards enemies.
 M - a +2 plate armour of fire resistance (worn)
 P - a +0 kite shield (worn)
 S - a +2 cloak (worn)
Jewellery
 a - a +4 ring of protection (left hand)
 f - a ring of protection from fire
 g - a ring of positive energy
 k - a ring of fire
 m - a ring of positive energy
 H - the Hermit's pendant {Faith invo=14 evo=0 MP+5}
   (You found it on level 7 of the Dungeon)

   [amulet of faith]

   It sets your invocations skill to 14 and your evocations skill to 0.
   It allows you to gain divine favour quickly.
   MP:        It affects your magic capacity (+5).
 L - the ring of Parowoit (right hand) {rPois Will++ Str+6}
   (You acquired it on level 6 of the Dungeon)

   [ring of strength]

   Str:       It affects your strength (+6).
   rPois:     It protects you from poison.
   Will:      It greatly increases your willpower.
 O - an amulet of regeneration (around neck)
Wands
 l - a wand of charming (26)
 x - a wand of iceblast (18)
 V - a wand of digging (3)
 W - a wand of flame (6)
Scrolls
 u - a scroll of magic mapping
 v - a scroll of amnesia
 w - a scroll of teleportation
 y - 3 scrolls of blinking
 C - a scroll of poison
 G - 2 scrolls of butterflies
 N - a scroll of brand weapon
 Z - 5 scrolls of identify
Potions
 b - 4 potions of ambrosia
 j - 10 potions of curing
 n - 3 potions of brilliance
 o - 2 potions of magic
 p - 4 potions of mutation
 q - a potion of invisibility
 A - 2 potions of might
 B - 2 potions of berserk rage
 J - 2 potions of heal wounds
 Q - a potion of resistance
 R - 2 potions of attraction
 T - a potion of cancellation
Miscellaneous
 z - a tin of tremorstones (1/2)
 U - a phial of floods


   Skills:
 + Level 10.8 Fighting
 + Level 0.7 Long Blades
 + Level 14.5 Axes
 + Level 1.3(10.3) Maces & Flails
 + Level 2.7 Throwing
 + Level 10.5 Armour
 + Level 3.9 Dodging
 + Level 2.5 Stealth
 + Level 9.9 Shields
 * Level 6.6 Invocations
 * Level 5.2 Evocations


You had 13 spell levels left.
You didn't know any spells.
Your spell library contained the following spells:

 Spells                   Type           Power      Damage    Failure   Level
 Sandblast                Erth           0%         2d4       100%        1
 Slow                     Hex            0%         N/A       100%        1
 Summon Small Mammal      Summ           0%         N/A       100%        1
 Passwall                 Tmut/Erth      0%         N/A       100%        2
 Call Canine Familiar     Summ           0%         N/A       100%        3
 Confusing Touch          Hex            0%         N/A       100%        3
 Ignite Poison            Fire/Tmut/Pois 0%         N/A       100%        3
 Portal Projectile        Hex/Tloc       0%         N/A       100%        3
 Stone Arrow              Conj/Erth      0%         3d7       100%        3
 Summon Guardian Golem    Hex/Summ       0%         N/A       100%        3
 Tukima's Dance           Hex            0%         N/A       100%        3
 Vampiric Draining        Necr           0%         2d6       100%        3
 Animate Armour           Summ/Erth      0%         N/A       100%        4
 Cause Fear               Hex            0%         N/A       100%        4
 Leda's Liquefaction      Hex/Erth       0%         N/A       100%        4
 Passage of Golubria      Tloc           0%         N/A       100%        4
 Sticky Flame             Conj/Fire      0%         2d3       100%        4
 Yara's Violent Unravell  Hex/Tmut       0%         3d3       100%        5
 Dragon Form              Tmut           0%         N/A       100%        7
 Lehudib's Crystal Spear  Conj/Erth      0%         10d2      100%        8
 Dragon's Call            Summ           0%         N/A       100%        9


Dungeon Overview and Level Annotations

Branches:
Dungeon (15/15)            Temple (1/1) D:5             Orc (0/2) D:12
 Vaults (0/5) D:13         Bailey (visited)
   Lair: D:8-11      Depths: D:15

Altars:
Cheibriados
Dithmenos
Elyvilon
Fedhas
Gozag
Hepliaklqana
Kikubaaqudgha
Makhleb
Nemelex Xobeh
Okawaru
Qazlal
Ru
Sif Muna
Vehumet
Xom
Zin
The Shining One

Shops:
D:2 !   D:3 ?   D:6 **   D:7 (

Annotations:
D:14 Rupert


Innate Abilities, Weirdness & Mutations

You are immune to sickness and miasma.
Your stone body is resilient. (AC +10)
You are immune to poison.
Your large and strong wings let you fly.
You resist negative energy. (rN+)
You are resistant to electric shocks. (rElec)
You are resistant to unholy torment.
You are immune to petrification.
Your flesh is cold resistant. (rC+)
Armour fits poorly on your strangely shaped body.
You are strong-willed. (Will+)


Message History

You hit Rupert.
Rupert is heavily wounded.
You hit the cyan ugly thing.
Your air elemental fires a burst of electricity at the efreet.
The stunning burst hits the efreet!
The efreet is paralysed.
Rupert hits you with a +1 great mace of holy wrath!!
You block the cyan ugly thing's attack.
Your air elemental hits the efreet but does no damage.
Your water elemental hits the cyan ugly thing!
The cyan ugly thing dies!
Qazlal accepts your kill.
Your earth elemental hits Rupert!
You slash Rupert!
Rupert is severely wounded.
The efreet is no longer paralysed.
Your air elemental hits the efreet but does no damage.
You block Rupert's attack.
The efreet gestures at your air elemental.
The fireball explodes!
The fireball engulfs your air elemental!!!
Your air elemental is destroyed!
Your air elemental disappears in a puff of smoke!
The fireball engulfs your water elemental!!
Your water elemental is burned terribly!
The fireball engulfs the efreet.
The efreet completely resists.
The fireball engulfs your earth elemental.
Your earth elemental completely resists.
Your water elemental hits the cyan ugly thing!!
You slash Rupert!
Rupert is severely wounded.
You slash the cyan ugly thing!
The sentinel's mark upon you fades away.
Rupert hits you with a +1 great mace of holy wrath!!!
* * * LOW HITPOINT WARNING * * *
You block the cyan ugly thing's attack.
Your earth elemental barely misses Rupert.
Your water elemental hits the cyan ugly thing!!
Your water elemental engulfs the cyan ugly thing in water!
Rupert hits you with a +1 great mace of holy wrath!!
You die...

.........#
.........#
........##########
...##...##..(....# #
#####...##.......##W
...##...##......°'○
....+.........°○R#
....#.........§u@#
....#)..##....EE@#
....#...##########
....#.... ...##...##
...###### ....#
...## ..^## ....#


You could see Rupert (berserk), a cyan ugly thing (asphyxiating), an efreet
(ally target), a friendly earth elemental (summoned) and a friendly water
elemental (summoned).

Vanquished Creatures
  Frances (D:14)
  Azrael (D:13)
  The ghost of Fyzyjia Apiu the Fighter, a journeyman VSAK of Lugonu (D:13)
  3 hydras
  8 vault guards
  2 two-headed ogres
  4 boulder beetles
  3 centaur warriors
  A catoblepas (D:13)
  A death knight (D:14)
  3 death yaks (D:7)
  A tengu warrior (D:13)
  A death drake (shapeshifter) (D:13)
  A phantasmal warrior (D:13)
  An obsidian statue (D:13)
  4 deep elf pyromancers
  9 ugly things
  An orc sorcerer (Bailey)
  An orc knight (Bailey)
  6 cyclopes
  A manticore (D:13)
  2 kobold demonologists
  An unseen horror (D:13)
  2 freezing wraiths (D:13)
  4 trolls
  A slime creature (D:14)
  A shadow (D:12)
  A spriggan (shapeshifter) (D:13)
  A water elemental (D:14)
  5 wraiths
  A wyvern (D:7)
  17 yaks
  Eustachio (D:6)
  2 fire elementals (D:13)
  A steam dragon (D:10)
  8 vampire mosquitoes
  2 acid dragons
  The ghost of Sobieck the Caller, an amateur OpSu (D:6)
  3 hell hounds
  3 black bears (D:5)
  15 orc warriors
  A sky beast (D:6)
  3 boggarts (D:14)
  9 centaurs
  2 phantoms
  4 kobold brigands
  4 bullfrogs
  8 scorpions
  9 wights
  19 killer bees
  4 howler monkeys
  5 electric eels
  3 jellies
  5 hounds
  7 orc priests
  Crazy Yiuf (D:5)
  A gnoll bouda (D:5)
  3 iguanas
  16 orc wizards
  Ijyb (D:4)
  8 adders
  13 gnolls
  A shadow imp (D:6)
  A white imp (D:7)
  An ufetubus (D:5)
  2 dart slugs
  65 orcs
  4 endoplasms
  A giant cockroach (D:2)
  19 goblins
  9 hobgoblins
  7 jackals
  4 quokkas
  5 ball pythons
  8 bats
  4 frilled lizards
  31 kobolds
  9 rats
423 creatures vanquished.

Vanquished Creatures (collateral kills)
  3 ugly things (D:14)
3 creatures vanquished.

Vanquished Creatures (others)
  A wizard (D:14)
  An orc (D:5)
2 creatures vanquished.

Grand Total: 428 creatures vanquished

Notes
Turn   | Place    | Note
-------+----------+-------------------------------------------
     0 | D:1      | jlumianski the Gargoyle Gladiator began the quest for the
                  | Orb.
     0 | D:1      | Reached XP level 1. HP: 12/12 MP: 1/1
   222 | D:1      | Reached XP level 2. HP: 15/17 MP: 2/2
   237 | D:1      | Reached skill level 3 in Axes
   686 | D:1      | Reached XP level 3. HP: 20/21 MP: 3/3
  1173 | D:2      | You fall into a shaft and drop 2 floors!
  1297 | D:4      | Reached XP level 4. HP: 27/27 MP: 4/4
  1299 | D:5      | Entered Level 5 of the Dungeon
  1307 | D:5      | Noticed a scorpion
  1316 | D:5      | Killed a scorpion
  1317 | D:5      | Reached skill level 4 in Axes
  1317 | D:5      | Reached skill level 1 in Armour
  1317 | D:5      | Reached XP level 5. HP: 31/31 MP: 5/5
  1845 | D:3      | Reached skill level 1 in Stealth
  1970 | D:2      | Found Roqots's Distillery.
  2025 | D:2      | Bought a potion of heal wounds for 55 gold pieces
  2025 | D:2      | Bought a potion of curing for 33 gold pieces
  2449 | D:2      | Reached XP level 6. HP: 16/36 MP: 6/6
  2722 | D:3      | Found a faded altar of an unknown god.
  2757 | D:3      | Gained mutation: Your flesh is cold resistant. (rC+)
                  | [potion of mutation]
  2757 | D:3      | Gained mutation: You are strong-willed. (Will+) [potion of
                  | mutation]
  3257 | D:3      | Found Emium's Magic Scroll Emporium.
  3278 | D:3      | Bought a scroll of identify for 20 gold pieces
  3278 | D:3      | Bought a scroll of identify for 20 gold pieces
  3768 | D:4      | Reached skill level 5 in Axes
  3909 | D:4      | Found a shadowy altar of Dithmenos.
  3957 | D:4      | Reached XP level 7. HP: 33/41 MP: 7/7
  4413 | D:5      | Found a staircase to the Ecumenical Temple.
  4441 | D:5      | Noticed Ijyb
  4445 | Temple   | Entered the Ecumenical Temple
  4707 | Temple   | Became a worshipper of Qazlal Stormbringer
  4926 | D:4      | Reached skill level 6 in Axes
  4928 | D:4      | Killed Ijyb
  5368 | D:5      | Reached XP level 8. HP: 37/48 MP: 8/8
  5922 | D:5      | Identified the +11 war axe of Rirur {holy, Stlth+}
  5995 | D:5      | Reached skill level 7 in Axes
  6180 | D:5      | Reached skill level 5 in Armour
  6332 | D:5      | Found a runed translucent door.
  6333 | D:5      | Noticed Crazy Yiuf
  6428 | D:5      | Killed Crazy Yiuf
  6513 | D:6      | Reached * piety under Qazlal
  6569 | D:6      | Reached skill level 5 in Fighting
  6585 | D:6      | Reached XP level 9. HP: 18/54 MP: 9/9
  6641 | D:6      | Found a runed translucent door.
  6643 | D:6      | Noticed Sobieck's ghost (amateur OpSu)
  6652 | D:6      | Killed Sobieck's ghost
  6653 | D:6      | Reached skill level 8 in Axes
  6872 | D:6      | Noticed Eustachio
  6886 | D:6      | Killed Eustachio
  6934 | D:6      | Found Gum Vutz's Specific Store.
  6934 | D:6      | Found Huzir's General Store.
  7017 | D:7      | Found the Hermit's pendant {Faith invo=14 evo=0 MP+5}
  7018 | D:7      | Found a flagged portal.
  7032 | D:7      | Reached ** piety under Qazlal
  7109 | Bailey   | Entered a bailey
  7194 | Bailey   | Reached skill level 1 in Shields
  7272 | Bailey   | Reached skill level 9 in Axes
  7493 | Bailey   | Noticed an orc knight
  7505 | Bailey   | Killed an orc knight
  7506 | Bailey   | Reached XP level 10. HP: 43/60 MP: 6/10
  7729 | Bailey   | Acquired the +1 pair of boots of the Sturgeon {Rampage}
  7942 | Bailey   | Found an iron altar of Okawaru.
  7943 | Bailey   | Noticed a kobold demonologist
  7943 | Bailey   | Noticed an orc sorcerer
  7946 | Bailey   | Noticed a sixfirhy
  7949 | Bailey   | Noticed a rust devil
  7951 | Bailey   | Noticed a sun demon
  7971 | Bailey   | Reached skill level 10 in Axes
  7982 | Bailey   | Killed an orc sorcerer
  7996 | Bailey   | Killed a kobold demonologist
  8327 | D:6      | Bought a scroll of brand weapon for 104 gold pieces
  8333 | D:6      | Acquired the ring of Parowoit {rPois Will++ Str+6}
  8549 | D:7      | Found Kovveri's Weapon Boutique.
  8682 | D:6      | Found Joekhapu's Gadget Gallery.
  8932 | D:7      | Reached skill level 1 in Invocations
  9007 | D:8      | Noticed a death yak
  9010 | D:8      | Noticed a death yak
  9013 | D:8      | Noticed a death yak
  9021 | D:7      | Killed a death yak
  9048 | D:7      | Killed a death yak
  9049 | D:7      | Reached skill level 11 in Axes
  9077 | D:7      | Killed a death yak
  9078 | D:7      | Reached XP level 11. HP: 52/67 MP: 11/11
  9117 | D:7      | Reached *** piety under Qazlal
  9609 | D:10     | Entered Level 10 of the Dungeon
  9719 | D:9      | Found a sacrificial altar of Ru.
 11080 | D:10     | Reached **** piety under Qazlal
 11638 | D:11     | Reached skill level 5 in Shields
 11685 | D:11     | Noticed a red ugly thing
 11691 | D:11     | Reached skill level 12 in Axes
 11700 | D:11     | Killed a red ugly thing
 11992 | D:11     | Noticed a cyclops
 11999 | D:11     | Killed a cyclops
 12180 | D:11     | Noticed a cyclops
 12189 | D:11     | Killed a cyclops
 12190 | D:11     | Reached XP level 12. HP: 76/76 MP: 12/12
 12449 | D:12     | Noticed a two-headed ogre
 12457 | D:12     | Killed a two-headed ogre
 12781 | D:12     | Reached ***** piety under Qazlal
 12782 | D:12     | Found a staircase to the Orcish Mines.
 13186 | D:13     | Reached skill level 13 in Axes
 13220 | D:14     | Noticed a boulder beetle
 13222 | D:14     | Noticed Azrael
 13225 | D:14     | Noticed a four-headed hydra
 13241 | D:13     | Killed a boulder beetle
 13260 | D:13     | Noticed a centaur warrior
 13273 | D:13     | Noticed Fyzyjia Apiu's ghost (journeyman VSAK)
 13291 | D:13     | Found a transporter.
 13298 | D:13     | Noticed a seven-headed hydra
 13301 | D:13     | Noticed a vault guard
 13318 | D:13     | Found a transporter.
 13379 | D:11     | Killed a vault guard
 13380 | D:11     | Reached skill level 1 in Evocations
 13456 | D:13     | Noticed a vault guard
 13457 | D:13     | Noticed a vault guard
 13462 | D:13     | Noticed a vault guard
 13483 | D:12     | Killed a vault guard
 13488 | D:12     | Killed a vault guard
 13525 | D:12     | Killed a vault guard
 13533 | D:13     | Noticed a vault guard
 13540 | D:13     | Noticed a vault guard
 13543 | D:13     | Noticed a vault guard
 13544 | D:13     | Killed a vault guard
 13553 | D:13     | Killed a vault guard
 13557 | D:13     | Killed a vault guard
 13586 | D:14     | Noticed a six-headed hydra
 13605 | D:14     | Killed a six-headed hydra
 13606 | D:14     | Reached XP level 13. HP: 47/82 MP: 12/15
 13643 | D:13     | Found a gate to the Vaults.
 13754 | D:13     | Reached skill level 10 in Fighting
 13770 | D:13     | Reached skill level 1 in Maces & Flails
 13912 | D:13     | Noticed a vault guard
 13922 | D:13     | Killed a vault guard
 14239 | D:13     | Reached skill level 10 in Armour
 14411 | D:13     | Killed Fyzyjia Apiu's ghost
 14474 | D:13     | Gained mutation: Armour fits poorly on your strangely
                  | shaped body. [a neqoxec]
 14583 | D:13     | Identified the +8 scimitar of Blood {freeze, *Noise rF+++
                  | rCorr Int-3}
 14858 | D:13     | Killed Azrael
 14859 | D:13     | Reached skill level 14 in Axes
 15003 | D:13     | Reached skill level 5 in Invocations
 15077 | D:15     | Entered Level 15 of the Dungeon
 15381 | D:14     | Noticed a yaktaur captain
 15384 | D:14     | Noticed a fire giant
 15384 | D:14     | Noticed a fire giant
 15419 | D:14     | Gained mutation: Your large and strong wings let you fly.
                  | [Gargoyle growth]
 15419 | D:14     | Reached XP level 14. HP: 88/88 MP: 18/18
 15506 | D:14     | Noticed Frances
 15521 | D:14     | Killed Frances
 15522 | D:14     | Reached skill level 5 in Evocations
 15658 | D:14     | Noticed Rupert
 15667 | D:14     | Slain by Rupert

Illustrated notes

Levels and vault maps discovered:
D:1:      tarquinn_simple_flora_water_f, layout_basic
D:2:      layout_basic, serial_shops, shop
D:3:      layout_basic, serial_shops, shop, shapermc_ecumenical_altar_venn
D:4:      layout_layer_cave, nicolae_dithmenos_shadow_blocks
D:5:      layout_cave_pools, minmay_temple_entry_offerings, minmay_misc_feat_x,
          uniq_crazy_yiuf_cottage, uniq_ijyb
D:6:      layout_basic, ebering_ghost_reflecting_pool, nicolae_specific_store,
          nicolae_shop_gadgets, uniq_eustachio
D:7:      layout_basic, enter_bailey_5, serial_shops, kennysheep_mini
D:8:      layout_basic, dpeg_lair_monsters, nicolae_titane
D:9:      layout_stronghold, amcnicky_altar_gilded, dreamdust_princess_bridge,
          minmay_misc_feat_four_crosses, uniq_erolcha
D:10:     layout_basic
D:11:     layout_irregular_city
D:12:     layout_irregular_city, hiddenorc2_lemuel
D:13:     layout_roguey, erik_vaults_2, nzn_ghost_randoct
D:14:     kennysheep_treasure_stockpile, layout_gridville, grunt_qazlal_clouds,
          kennysheep_generic_room_13, uniq_rupert, uniq_azrael, uniq_josephine,
          uniq_frances
D:15:     grunt_enter_depths_magical_seal, layout_basic,
          hangedman_decor_riveting, st_stairs_11, uniq_jorgrun, uniq_kirke
Temple:   mainiacjoe_temple_big_plus

Skill      XL: |  1  2  3  4  5  6  7  8  9 10 11 12 13 14 |
---------------+-------------------------------------------+-----
Throwing       | 2 |  2.7
Axes           | 3 4 5 6 7 9 11 12 13 14 | 14.5
Armour         | 1 2 3 4 5 6 8 9 10 | 10.5
Stealth        | 1 2 |  2.5
Fighting       | 3 4 5 6 7 9 10 | 10.8
Dodging        | 3 |  3.9
Shields        | 1 4 6 7 9 |  9.9
Invocations    | 1 3 5 6 |  6.6
Evocations     | 2 4 5 |  5.2
Maces & Flails | 1 |  1.3
Long Blades    | |  0.7

Action                   |  1- 3 |  4- 6 |  7- 9 | 10-12 | 13-15 || total
-------------------------+-------+-------+-------+-------+-------++-------
Melee: War axe           |   111 |   212 |   263 |   426 |   289 ||  1301
       Punch             |     1 |     1 |       |       |       ||     2
       Flail             |       |       |       |    11 |     6 ||    17
       Scimitar          |       |       |       |       |     5 ||     5
Throw: Dart              |       |    10 |     1 |       |       ||    11
       Javelin           |       |       |     7 |       |     2 ||     9
Invok: Upheaval          |       |       |     1 |     3 |       ||     4
       Elemental Force   |       |       |       |       |     2 ||     2
Evoke: Wand              |       |       |       |     5 |     5 ||    10
       Tin of tremorston |       |       |       |       |     2 ||     2
  Use: Scroll            |       |     5 |     7 |    11 |     4 ||    27
       Potion            |       |     3 |     1 |     3 |     2 ||     9
 Stab: Paralysed         |       |       |       |       |     3 ||     3
Armor: Leather armour    |    45 |       |       |       |       ||    45
       Chain mail        |     8 |   181 |   225 |       |       ||   414
       Plate armour      |       |       |       |   299 |   249 ||   548
Dodge: Dodged            |   105 |    84 |   156 |   120 |    67 ||   532
Block: Buckler           |       |       |    32 |     7 |       ||    39
       Kite shield       |       |       |       |   321 |   306 ||   627

Table legend: (Time is in decaauts)
 A = Elapsed time spent in this place.
 B = Non-inter-level travel time spent in this place.
 C = Inter-level travel time spent in this place.
 D = Time resting spent in this place.
 E = Time spent auto-exploring this place.
 F = Levels seen in this place.
 G = Mean time per level.
                   A        B        C        D        E       F      G
               +--------+--------+--------+--------+--------+-----+--------+
         Total |  15882 |  15619 |    263 |    900 |   7640 |  17 |  934.2 |
       Dungeon |  14369 |  14106 |    263 |    657 |   7419 |  15 |  957.9 |
        Temple |    342 |    342 |      0 |     40 |      0 |   1 |  342.0 |
        Bailey |   1170 |   1170 |      0 |    203 |    221 |   1 | 1170.0 |
               +--------+--------+--------+--------+--------+-----+--------+

Top non-repeatable levels by time:
     D:3: 1554 daAuts
    D:13: 1532 daAuts
     D:4: 1527 daAuts
     D:5: 1321 daAuts
  Bailey: 1170 daAuts
     D:6: 1109 daAuts
    D:12: 1094 daAuts
     D:1: 1027 daAuts
     D:9: 1027 daAuts
    D:10: 981 daAuts
     D:2: 825 daAuts
    D:11: 767 daAuts
    D:14: 710 daAuts
     D:7: 547 daAuts
  Temple: 342 daAuts
